 Dungeon Crawl Stone Soup version 0.31-a0-188-g5e087ee2ca (webtiles) character file.

Game seed: 15118969401228867474

78 qw the Shooter (level 4, -1/25 HPs)
             Began as a Deep Elf Hunter on June 23, 2023.
             Slain by Robin
             ... wielding a +0 mace
              (7 damage)
             ... on level 2 of the Dungeon.
             The game lasted 00:00:25 (1363 turns).

qw the Shooter (Deep Elf Hunter)                    Turns: 1363, Time: 00:00:25

Health: -1/25      AC:  7    Str: 10    XL:     4   Next: 15%
Magic:  6/6        EV: 12    Int: 14    God:
Gold:   25         SH:  0    Dex: 18    Spells: 3/3 levels left

rFire   . . .        Y - +0 shortbow
rCold   . . .        (shield currently unavailable)
rNeg    . . .        c - +0 leather armour
rPois   .            (no helmet)
rElec   .            (no cloak)
rCorr   .            (no gloves)
SInv    .            (no boots)
Will    .....        (no amulet)
Stlth   ++           d - +4 ring of protection
HPRegen 0.24/turn    (no ring)
MPRegen 0.10/turn

%: no passive effects
@: no status effects
A: no striking features
a: no special abilities


You were on level 2 of the Dungeon.
You visited 1 branch of the dungeon, and saw 2 of its levels.

You collected 109 gold pieces.
You spent 84 gold pieces at shops.


   Skills:
 - Level 1.5 Fighting
 + Level 7.6 Ranged Weapons
 - Level 2.4 Dodging
 - Level 1.2 Stealth


You had 3 spell levels left.
You didn't know any spells.
Your spell library was empty.

Inventory:

Hand Weapons
 Y - a +0 shortbow (weapon)
Armour
 b - a +0 scale mail
 c - a +0 leather armour (worn)
Jewellery
 a - a ring of ice
 d - a +4 ring of protection (left hand)
Scrolls
 g - a scroll of blinking {unknown}
 h - a scroll of poison {unknown}
 k - a scroll of identify
Potions
 e - a potion of degeneration {unknown}
 f - a potion of invisibility
 i - a potion of resistance {unknown}
 j - a potion of might

Dungeon Overview and Level Annotations

Branches:
Dungeon (2/15)

Altars:

Shops:
D:2 *

Annotations:
D:1 2 transporters
D:2 Robin


Message History

Robin is lightly wounded.
Robin throws the goblin at you!
You shoot an arrow. The arrow hits the goblin.
The goblin is severely wounded.
The goblin misses you.
You shoot an arrow. The arrow hits the goblin!
You kill the goblin!
Robin zaps a wand.
The puff of flame hits you!
You shoot an arrow. The arrow hits Robin.
Robin is moderately wounded.
An adder comes into view.
You shoot an arrow. The adder hisses angrily.
The arrow hits Robin.
Robin is heavily wounded.
Robin drinks a potion.
Robin flickers and vanishes!
Deactivating autopickup; reactivate with Ctrl-A.
You shoot an arrow. The arrow closely misses the adder.
Something hits you.
You shoot an arrow. The arrow closely misses the adder.
Something hits you but does no damage.
You shoot an arrow. The arrow hits the adder!
The adder is almost dead.
You hear a zap.
A puff of flame appears from out of thin air!
The puff of flame hits you.
You shoot an arrow. The arrow barely misses the adder.
The adder barely misses you. Something hits you but does no damage.
The adder closely misses you.
You shoot an arrow. The arrow completely misses the adder.
Something hits you. The adder bites you but does no damage.
You shoot an arrow. The arrow barely misses the adder.
The adder barely misses you. Something hits you but does no damage.
The adder barely misses you. Something hits you but does no damage.
You shoot an arrow. The arrow hits the adder!
You kill the adder!
Something barely misses you.
You shoot an arrow. Something hits you!
You die...

#...##g
##.###g #.#
#. . #.#
#)####### ..
#.#
#.#.....##..
### #.#
#.#........
..# #.#
#)......#
#.# #.#
###{.)..#
#.# #.#
#.@...# #.#
#.# ###...#
#'# #.#
##..# #.#
#.# #..#
#.#######.#
#..#
.\..'...#.#
#..#
#.#####.#.#
#..# #.#
#.#.# #..#
#'## #.#.#
#.>#


There were no monsters in sight!

Vanquished Creatures
  4 adders (D:2)
  A dart slug (D:2)
  An endoplasm (D:1)
  A giant cockroach (D:1)
  6 hobgoblins
  4 jackals (D:2)
  3 quokkas
  3 ball pythons
  4 bats
  A frilled lizard (D:2)
  6 goblins
  4 kobolds
  A rat (D:2)
39 creatures vanquished.

Notes
Turn   | Place    | Note
-------+----------+-------------------------------------------
     0 | D:1      | qw the Deep Elf Hunter began the quest for the Orb.
     0 | D:1      | Reached XP level 1. HP: 12/12 MP: 3/3
     0 | D:1      | 0 ||| qw: Version: 0.3-a-9-g12657ce
     0 | D:1      | 0 ||| qw: Game counter: 3688
     0 | D:1      | 0 ||| qw: Always use a shield: true
     0 | D:1      | 0 ||| qw: God list: Okawaru
     0 | D:1      | 0 ||| qw: Allow faded altars: false
     0 | D:1      | 0 ||| qw: Do Orc after D:15 true
     0 | D:1      | 0 ||| qw: Do second Lair branch before Depths: true
     0 | D:1      | 0 ||| qw: Lair rune preference: random
     0 | D:1      | 0 ||| qw: Plans: Normal
     0 | D:1      | 0 ||| PLANNING D:1-11
   391 | D:1      | Reached XP level 2. HP: 16/16 MP: 4/4
   416 | D:1      | 416 ||| UPGRADING to +4 ring of protection.
   421 | D:1      | Reached skill level 6 in Ranged Weapons
   855 | D:1      | 855 ||| DROPPING ring of flight.
   856 | D:1      | 856 ||| READING scroll labelled WUYP DUNNUMEIRUELE.
   857 | D:1      | 857 ||| DROPPING scroll of butterflies.
   975 | D:2      | Reached XP level 3. HP: 20/20 MP: 5/5
  1026 | D:2      | Reached skill level 7 in Ranged Weapons
  1132 | D:2      | Found Vijyfer's General Store.
  1139 | D:2      | 1139 ||| SHOPLISTING +4 ring mail of Courage {rF+ Will+
                  | rCorr Int-5} (541 gold, have 109).
  1139 | D:2      | 1139 ||| BUYING potion of might (56 gold).
  1139 | D:2      | Bought a potion of might for 56 gold pieces
  1139 | D:2      | 1139 ||| BUYING scroll of identify (28 gold).
  1139 | D:2      | Bought a scroll of identify for 28 gold pieces
  1139 | D:2      | 1139 ||| SHOPLISTING scroll of identify (28 gold, have 25).
  1342 | D:2      | Noticed Robin
  1348 | D:2      | Reached XP level 4. HP: 22/25 MP: 6/6
  1348 | D:2      | 1348 ||| FLEEEEING.
  1360 | D:2      | HP: 5/25 [something (4)]
  1363 | D:2      | Slain by Robin

Levels and vault maps discovered:
D:1:      spicycebolla_arrival_transporter_tutorial, layout_loops_ring,
          serial_bayou_pond_c, minmay_hexomino_p4
D:2:      layout_loops_ring, basic_altar, serial_shops,
          nicolae_shop_hallway_plus, uniq_robin

Skill      XL: |  1  2  3 |
---------------+----------+-----
Ranged Weapons | 6 7 |  7.6
Fighting       | |  1.5
Dodging        | |  2.4
Stealth        | |  1.2

Action                     |  1- 3 |  4- 6 || total
---------------------------+-------+-------++-------
   Fire: Shortbow          |    84 |    13 ||    97
    Use: Scroll            |     1 |       ||     1
 Armour: Leather armour    |     9 |     6 ||    15
  Dodge: Dodged            |    17 |     6 ||    23

Table legend:
 A = Non-vault XP
 B = Vault XP
 C = Vault XP percentage of total XP
 D = Non-vault monster count
 E = Vault monster count
 F = Vault count percentage of total count
                 A         B        C        D         E       F
            +---------+---------+-------+---------+---------+-------
      Total |     105 |       7 |   6.2 |      35 |       4 |  10.3
            +---------+---------+-------+---------+---------+-------
        D:1 |      22 |       0 |   0.0 |      14 |       0 |   0.0
        D:2 |      83 |       7 |   7.8 |      21 |       4 |  16.0
            +---------+---------+-------+---------+---------+-------
